 Dungeon Sprint DCSS version 0.31-a0-360-gb3e1d13bf4 (webtiles) character file.

Game seed: 9058176770484407353

466 dialectric the Unseen (level 6, -3/33 HPs)
             Began as a Spriggan Brigand on July 26, 2023.
             Was an Initiate of Wu Jian.
             Slain by a sixfirhy (11 damage)
             ... summoned by a kobold demonologist
             ... while paralysed by a floating eye
             ... in the Dungeon (Sprint I: "Red Sonja").
             The game lasted 00:01:21 (129 turns).

dialectric the Unseen (Spriggan Brigand)             Turns: 129, Time: 00:01:21

Health: -3/33      AC:  3    Str:  7    XL:     6   Next: 81%
Magic:  7/7        EV:  4    Int: 12    God:    Wu Jian [......]
Gold:   351        SH:  0    Dex: 19    Spells: 5/5 levels left

rFire   . . .        a - +2 dagger
rCold   . . .        (no shield)
rNeg    . . .        b - +0 robe
rPois   .            (helmet restricted)
rElec   .            c - +0 cloak
rCorr   .            (gloves unavailable)
SInv    +            (boots unavailable)
Will    +....        (no amulet)
Stlth   ++++++++     (no ring)
HPRegen 0.25/turn    (no ring)
MPRegen 0.10/turn

%: no teleportation
@: paralysed, very quick
A: very small, no large weapons, unfitting armour, see invisible, speed 3
a: Renounce Religion


You were in the Dungeon.
You worshipped Wu Jian.
Wu Jian was noncommittal.
You visited 1 branch You collected 351 gold pieces.

Inventory:

Hand Weapons
 a - a +2 dagger (weapon)
Missiles
 d - 13 poisoned darts
Armour
 b - a +0 robe (worn)
 c - a +0 cloak (worn)
Wands
 l - a wand of polymorph (7)
Scrolls
 k - a scroll of blinking
Potions
 f - a potion of curing
 g - a potion of heal wounds
 h - a potion of haste
 i - 2 potions of magic
 j - a potion of berserk rage


   Skills:
 + Level 4.0 Fighting
 + Level 5.5 Short Blades
 - Level 2.5 Throwing
 + Level 3.2 Dodging
 + Level 19.7 Stealth


You had 5 spell levels left.
You didn't know any spells.
Your spell library was empty.

Dungeon Overview and Level Annotations

Branches:
Dungeon (1/1)

Altars:
Makhleb
Sif Muna
Vehumet
Wu Jian
Xom
Jiyva
Lugonu


Innate Abilities, Weirdness & Mutations

You are very small and have problems with some larger weapons.
You are too small for most types of armour.
You have supernaturally acute eyesight. (SInv)
You cover ground extremely quickly. (Speed+++)


Message History

The shadow imp is lightly wounded.
The kobold demonologist looks braver for a moment.
You hit the shadow imp but do no damage.
The shadow imp is lightly wounded.
The shadow imp completely misses you.
The floating eye gazes piercingly through you!
You suddenly lose the ability to move!
The shadow imp disappears in a puff of smoke!
The kobold demonologist hits you with a +0 dagger.
The floating eye seems to glare at you.
The kobold demonologist barely misses you.
The kobold demonologist begins to cast a cantrip, but forgets the words!
The floating eye gazes piercingly through you!
You shrug off the repeated paralysis!
You can move again.
You hit the kobold demonologist but do no damage.
The kobold demonologist misses you.
The floating eye's stare focuses on you.
You hit the kobold demonologist but do no damage.
The kobold demonologist casts a spell.
Unknown command.
You hit the kobold demonologist but do no damage.
The floating eye gazes piercingly through you!
You shrug off the repeated paralysis!
You barely miss the kobold demonologist.
The kobold demonologist hits you with a +0 dagger.
The floating eye's stare focuses on you.
Unknown command.
You hit the kobold demonologist but do no damage.
The kobold demonologist casts a spell.
You hit the kobold demonologist.
The kobold demonologist is lightly wounded.
The floating eye gazes piercingly through you!
You suddenly lose the ability to move!
The sixfirhy hits you. The sixfirhy shocks you!
You are no longer corroded.
The sixfirhy hits you.
* * * LOW HITPOINT WARNING * * *
The sixfirhy shocks you!
You die...

##########################
#<.#.)'..#.)'..#__#5.K...#
#..'..#.)'..#..G..'K.#...#
#..#####+#####'#__####.(.+
#..# #5.5#4#### #### #..#
#@.##.# #..# ##3#_.+ #⌠⌠#
+GK._# #### #_.#+# ##+#


You could see a kobold demonologist, a sixfirhy (summoned), a floating eye, a
quasit (summoned) and a shadow imp (summoned).

Vanquished Creatures
  Sigmund (D)
  A slime creature (D)
  An ogre (D)
  A jelly (D)
  Ijyb (D)
5 creatures vanquished.

Notes
Turn   | Place    | Note
-------+----------+-------------------------------------------
     0 | D        | dialectric the Spriggan Brigand began the quest for the
                  | Orb.
     0 | D        | Reached XP level 1. HP: 10/10 MP: 2/2
     2 | D        | Noticed Ijyb
     6 | D        | Killed Ijyb
     7 | D        | Reached skill level 9 in Stealth
     7 | D        | Reached XP level 2. HP: 15/15 MP: 3/3
    13 | D        | Noticed an ogre
    15 | D        | Killed an ogre
    16 | D        | Reached skill level 13 in Stealth
    16 | D        | Reached XP level 3. HP: 19/19 MP: 4/4
    16 | D        | Reached XP level 4. HP: 23/23 MP: 5/5
    18 | D        | Noticed Sigmund
    20 | D        | Killed Sigmund
    21 | D        | Reached skill level 17 in Stealth
    21 | D        | Reached XP level 5. HP: 28/28 MP: 6/6
    21 | D        | Reached XP level 6. HP: 32/32 MP: 7/7
    32 | D        | Found a shimmering blue altar of Sif Muna.
    33 | D        | Found an ornate altar of the Wu Jian Council.
    34 | D        | Found a radiant altar of Vehumet.
    39 | D        | Reached skill level 5 in Short Blades
    54 | D        | Became a worshipper of the Wu Jian Council
    61 | D        | Found a burning altar of Makhleb.
    61 | D        | Found a shimmering altar of Xom.
    61 | D        | Noticed a slime creature
    62 | D        | Found a viscous altar of Jiyva.
    62 | D        | Found a corrupted altar of Lugonu.
    63 | D        | Killed a slime creature
    64 | D        | Reached skill level 19 in Stealth
    77 | D        | Noticed a kobold demonologist
    78 | D        | Noticed a floating eye
    78 | D        | Noticed a kobold demonologist
    84 | D        | Paralysed by a floating eye for 3 turns
    91 | D        | Noticed a rust devil
   118 | D        | Paralysed by a floating eye for 4 turns
   125 | D        | Noticed a sixfirhy
   128 | D        | Paralysed by a floating eye for 3 turns
   129 | D        | Slain by a sixfirhy

Illustrated notes

Levels and vault maps discovered:
D:        dungeon_sprint_1 [red_sonja_temple_1, red_sonja_temple_small_1]

Skill      XL: |  1  2  3  4  5  6 |
---------------+-------------------+-----
Fighting       | 2 3 4 |  4.0
Short Blades   | 3 4 5 |  5.5
Stealth        | 9 13 17 19 | 19.7
Dodging        | 2 3 |  3.2
Throwing       | |  2.5

Action                     |  1- 3 |  4- 6 || total
---------------------------+-------+-------++-------
  Melee: Dagger            |     4 |    16 ||    20
  Throw: Dart              |       |     3 ||     3
Ability: Lunge             |       |     1 ||     1
  Evoke: Wand              |       |     2 ||     2
   Stab: Sleeping          |     2 |     3 ||     5
 Armour: Robe              |       |     1 ||     1
  Dodge: Dodged            |     1 |    12 ||    13

Table legend: (Time is in decaauts)
 A = Elapsed time spent in this place.
 B = Non-inter-level travel time spent in this place.
 C = Inter-level travel time spent in this place.
 D = Time resting spent in this place.
 E = Time spent auto-exploring this place.
 F = Levels seen in this place.
 G = Mean time per level.
                   A        B        C        D        E       F      G
               +--------+--------+--------+--------+--------+-----+--------+
         Total |     97 |     97 |      0 |      3 |      0 |   1 |   97.0 |
       Dungeon |     97 |     97 |      0 |      3 |      0 |   1 |   97.0 |
               +--------+--------+--------+--------+--------+-----+--------+

Top non-repeatable levels by time:
       D: 97 daAuts
